 Dungeon Crawl Stone Soup version 0.29-a0-284-gf9362112df (webtiles) character file.

Game seed: 13663058597042178356

5395 juncz the Frost Mage (level 10, -1/74 HPs)
             Began as a Black Draconian Ice Elementalist on Mar 16, 2022.
             Killed by nerve-wracking pain
             ... invoked by an orc priest
              (10 damage)
             ... on level 8 of the Dungeon.
             The game lasted 00:36:42 (10244 turns).

juncz the Frost Mage (DrIE)                        Turns: 10244, Time: 00:36:42

Health: -1/74      AC: 16    Str: 14    XL:     10   Next: 40%
Magic:  19/24      EV: 12    Int: 25    God:
Gold:   372        SH:  5    Dex: 11    Spells: 22/29 levels left

rFire   . . .      SeeInvis .   t - +2 falchion (holy)
rCold   . . .      Faith    .   (no shield)
rNeg    . . .      Spirit   .   (body armour unavailable)
rPois   .          Reflect  +   (helmet restricted)
rElec   +          Harm     .   (no cloak)
rCorr   +          Rampage  .   (no gloves)
Will    .....                   (no boots)
Stlth   ++........              x - amulet of reflection
HPRegen 0.22/turn               c - +6 ring of intelligence
MPRegen 0.19/turn               q - ring of Gerap {rCorr Str+2}

@: ice-armoured
A: breathe lightning, AC +7, unfitting armour, electricity resistance,
cold-blooded
a: Breathe Lightning


You were on level 8 of the Dungeon.
You visited 2 branches of the dungeon, and saw 9 of its levels.

You collected 372 gold pieces.

Inventory:

Hand Weapons
 e - a +0 spear
 s - a +0 spear of venom
 t - a +2 falchion of holy wrath (weapon)
Missiles
 f - 26 poisoned darts (quivered)
Jewellery
 c - a +6 ring of intelligence (left hand)
 j - a ring of resist corrosion
 l - a ring of protection from fire
 p - a +4 ring of protection
 q - the ring of Gerap (right hand) {rCorr Str+2}
   (You took it off an orc warrior on level 6 of the Dungeon)

   [ring of resist corrosion]

   Str:       It affects your strength (+2).
   rCorr:     It protects you from acid and corrosion.
 w - an amulet of regeneration
 x - an amulet of reflection (around neck)
Wands
 i - a wand of flame (39)
 m - a wand of paralysis (16)
Scrolls
 b - a scroll of blinking {unknown}
 g - a scroll of fear {unknown}
 h - 4 scrolls of amnesia
 n - a scroll of enchant weapon
 o - 2 scrolls of magic mapping
 u - a scroll of enchant armour {unknown}
 v - a scroll of summoning {unknown}
Potions
 a - a potion of magic
 d - a potion of flight
 k - 3 potions of curing
 r - 2 potions of degeneration {unknown}


   Skills:
 + Level 2.6 Fighting
 + Level 2.9 Dodging
 - Level 1.7 Stealth
 + Level 10.0 Spellcasting
 + Level 11.4 Ice Magic


You had 22 spell levels left.
You knew the following spells:

 Your Spells              Type           Power      Damage    Failure   Level
a - Freeze                Ice            100%       1d11      1%          1
b - Frozen Ramparts       Ice            100%       1d12      1%          3
c - Ozocubu's Armour      Ice            63%        N/A       1%          3

Your spell library contained the following spells:

 Spells                   Type           Power      Damage    Failure   Level
 Summon Small Mammal      Summ           48%        N/A       4%          1
 Hailstorm                Conj/Ice       41%        3d10      4%          4
 Call Canine Familiar     Summ           12%        N/A       14%         3
 Summon Guardian Golem    Hex/Summ       12%        N/A       14%         3


Dungeon Overview and Level Annotations

Branches:
Dungeon (8/15)             Temple (1/1) D:5
   Lair: D:8-11

Altars:
Ashenzari
Cheibriados
Dithmenos
Elyvilon
Fedhas
Gozag
Hepliaklqana
Kikubaaqudgha
Makhleb
Nemelex Xobeh
Okawaru
Qazlal
Ru
Sif Muna
Trog
Uskayaw
Wu Jian
Xom
Yredelemnul
Zin
The Shining One


Innate Abilities, Weirdness & Mutations

You can breathe wild blasts of lightning.
Your glossy black scales are hard. (AC +7)
You cannot fit into any form of body armour.
You are resistant to electric shocks. (rElec)
You are cold-blooded and may be slowed by cold attacks.


Message History

The wall freezes the hornet.
The centaur shoots an arrow.
The arrow barely misses you.
The wall freezes the hornet.
The centaur shoots an arrow.
You reflect the arrow off an invisible shield around you!
The arrow hits the centaur!
You kill the centaur!
The wall freezes the orc warrior!
The orc warrior hits you from afar with a +0 glaive!
The wall freezes the hornet.
Your life force feels restored.
You hit the hornet but do no damage.
The hornet is moderately wounded.
The wall freezes the hornet!
The hornet stings you but does no damage.
The wall freezes the orc priest.
The wall freezes the orc warrior!
The orc warrior hits you from afar with a +0 glaive!
The wall freezes the hornet.
The hornet stings you!
You feel yourself slow down.
You closely miss the hornet.
Your tail-slap misses the hornet.
The hornet is severely wounded.
The wall freezes the hornet.
You block the hornet's attack.
The wall freezes the orc priest.
The wall freezes the orc warrior!
The orc warrior hits you from afar with a +0 glaive!
* * * LOW HITPOINT WARNING * * *
The wall freezes the hornet!
You kill the hornet!
A two-headed ogre comes into view.
It is wielding a +0 giant club and a +0 giant spiked club.
The wall freezes the orc warrior.
The orc warrior closely misses you.
The wall freezes the orc priest.
The orc priest closely misses you.
You hit the orc priest.
The orc priest is almost dead.
You feel yourself speed up.
The frozen ramparts melt away.
The orc priest completely misses you.
The orc warrior hits you from afar with a +0 glaive.
* * * LOW HITPOINT WARNING * * *
The orc warrior hits you from afar with a +0 glaive!
* * * LOW HITPOINT WARNING * * *
The orc priest invokes the aid of Beogh against you.
Pain shoots through your body!
You die...

#..c..# #......
#.....# # #.....#
≈## #.....## .≈≈#
##.[....# ...≈≈
#.....).###......
#....<.)o@.o.....
#!.....#####.....
#......# #O.
#.......
#.......#
#........
#.........
#..........


You could see a two-headed ogre, an orc warrior and an orc priest.

Vanquished Creatures
  Pikel (D:7)
  The ghost of Bravepunisher the Nimble, a novice SpMo of Okawaru (D:6)
  A hornet (D:8)
  5 yaks (D:7)
  Menkaure (D:7)
  Duvessa (D:5)
  2 water moccasins
  4 orc warriors
  2 ice beasts
  2 black bears
  2 ogres
  2 centaurs
  A lemure (D:7)
  3 phantoms
  2 kobold brigands
  2 bullfrogs (D:7)
  2 necrophages
  4 scorpions
  7 wights
  Dowan (D:5)
  5 hounds
  2 jellies
  Crazy Yiuf (D:2)
  A gnoll shaman (D:6)
  5 orc priests
  3 iguanas
  4 orc wizards
  6 adders
  9 gnolls
  A shadow imp (D:6)
  4 white imps
  An ufetubus (D:7)
  3 worms
  2 dart slugs
  19 orcs
  7 endoplasms
  2 giant cockroaches
  3 goblins
  5 hobgoblins
  10 jackals
  22 kobolds
  3 quokkas
  8 ball pythons
  6 bats
  3 frilled lizards
  3 rats
184 creatures vanquished.

Notes
Turn   | Place    | Note
-------+----------+-------------------------------------------
     0 | D:1      | juncz the Draconian Ice Elementalist began the quest for
                  | the Orb.
     0 | D:1      | Reached XP level 1. HP: 14/14 MP: 3/3
   442 | D:1      | Reached XP level 2. HP: 10/20 MP: 0/5
  1489 | D:1      | Reached XP level 3. HP: 26/26 MP: 5/7
  1493 | D:1      | Learned a level 3 spell: Frozen Ramparts
  1497 | D:1      | Learned a level 3 spell: Ozocubu's Armour
  1904 | D:2      | Reached XP level 4. HP: 32/33 MP: 8/8
  2596 | D:2      | Found a runed translucent door.
  2597 | D:2      | Noticed Crazy Yiuf
  2725 | D:2      | Killed Crazy Yiuf
  2726 | D:2      | Reached skill level 5 in Ice Magic
  3275 | D:3      | Found a faded altar of an unknown god.
  3572 | D:3      | Noticed a kobold brigand
  3574 | D:3      | Reached XP level 5. HP: 38/38 MP: 6/10
  4229 | D:4      | Reached XP level 6. HP: 42/45 MP: 9/12
  4382 | D:4      | Reached skill level 6 in Ice Magic
  4983 | D:4      | Reached skill level 5 in Spellcasting
  5080 | D:5      | Entered Level 5 of the Dungeon
  5108 | D:5      | Your scales start taking on a glossy black colour.
  5108 | D:5      | Reached XP level 7. HP: 19/50 MP: 3/14
  5108 | D:5      | Gained mutation: You are resistant to electric shocks.
                  | (rElec) [Black Draconian growth]
  5429 | D:5      | Noticed Duvessa
  5434 | D:5      | Noticed Dowan
  5436 | D:5      | Reached skill level 7 in Ice Magic
  5437 | D:5      | Killed Duvessa
  5456 | D:5      | Killed Dowan
  5669 | D:5      | Reached XP level 8. HP: 57/57 MP: 8/17
  5690 | D:5      | Reached skill level 8 in Ice Magic
  6004 | D:5      | Found a staircase to the Ecumenical Temple.
  6100 | Temple   | Entered the Ecumenical Temple
  6619 | D:6      | Found a runed translucent gate.
  6619 | D:6      | Found a runed translucent gate.
  6619 | D:6      | Found a runed translucent gate.
  6623 | D:6      | Noticed Bravepunisher's ghost (novice SpMo)
  7230 | D:6      | Reached skill level 9 in Ice Magic
  7409 | D:6      | Reached XP level 9. HP: 58/62 MP: 15/20
  7462 | D:6      | Identified the ring of Gerap {rCorr Str+2}
  8128 | D:6      | Killed Bravepunisher's ghost
  8129 | D:6      | Reached skill level 10 in Ice Magic
  8470 | D:7      | Found a broken altar of Ashenzari.
  8528 | D:7      | Reached skill level 11 in Ice Magic
  8728 | D:7      | Reached XP level 10. HP: 61/61 MP: 19/23
  8778 | D:7      | Noticed Menkaure
  8797 | D:7      | Killed Menkaure
  9719 | D:7      | Reached skill level 1 in Fighting
  9786 | D:7      | Noticed Pikel
  9792 | D:7      | Killed Pikel
 10240 | D:8      | Reached skill level 10 in Spellcasting
 10243 | D:8      | Noticed a two-headed ogre
 10244 | D:8      | Killed from afar by an orc priest

Illustrated notes

Levels and vault maps discovered:
D:1:      psy_arrival_radial02, layout_basic
D:2:      layout_basic, st_stairs_9, uniq_crazy_yiuf_cottage
D:3:      cheibrodos_thug_alley, layout_loops_ring,
          chequers_ecumenical_altar_simple
D:4:      layout_cave_pods
D:5:      layout_rooms, minmay_temple_entry_poolview, uniq_duvessa
D:6:      minmay_angry_zag, layout_layer_cave, ebering_ghost_rock_garden
D:7:      nicolae_cairo_tiling_large, layout_cave_pools,
          mainiacjoe_overflow_alcove_1, uniq_pikel, uniq_menkaure
D:8:      cheibrodos_wizards_tower, layout_rooms, gammafunk_ghost_arena,
          minmay_misc_feat_rows, uniq_maurice
Temple:   mainiacjoe_temple_big_plus

Skill      XL: |  1  2  3  4  5  6  7  8  9 10 |
---------------+-------------------------------+-----
Spellcasting   | 3 4 5 6 7 9 10 | 10.0
Ice Magic      | 5 6 7 9 11 | 11.4
Dodging        | 2 |  2.9
Fighting       | 2 |  2.6
Stealth        | |  1.7

Action                   |  1- 3 |  4- 6 |  7- 9 | 10-12 || total
-------------------------+-------+-------+-------+-------++-------
Melee: Spear             |    48 |   108 |   154 |       ||   310
       Tailslap          |     4 |    11 |    25 |     4 ||    44
       Punch             |       |     1 |     3 |       ||     4
       Falchion          |       |       |    36 |    40 ||    76
Throw: Dart              |       |     1 |     2 |       ||     3
 Cast: Freeze            |    25 |    11 |     7 |       ||    43
       Frozen Ramparts   |     4 |    19 |    31 |     9 ||    63
       Ozocubu's Armour  |     1 |     1 |     7 |     5 ||    14
 Abil: Breathe Lightning |       |       |     4 |       ||     4
Evoke: Wand              |       |       |     5 |       ||     5
  Use: Scroll            |       |     4 |     4 |     1 ||     9
       Potion            |       |       |     1 |       ||     1
 Stab: Sleeping          |     5 |     5 |     1 |     1 ||    12
Armor: Skin              |    10 |    21 |    72 |    16 ||   119
Dodge: Dodged            |    33 |    30 |   106 |    27 ||   196
Block: Other             |       |       |    22 |     9 ||    31
       Reflection        |       |       |     3 |     2 ||     5

Table legend: (Time is in decaauts)
 A = Elapsed time spent in this place.
 B = Non-inter-level travel time spent in this place.
 C = Inter-level travel time spent in this place.
 D = Time resting spent in this place.
 E = Time spent auto-exploring this place.
 F = Levels seen in this place.
 G = Mean time per level.
                   A        B        C        D        E       F      G
               +--------+--------+--------+--------+--------+-----+--------+
         Total |  10327 |   9971 |    356 |   2224 |   6420 |   9 | 1147.4 |
       Dungeon |   9903 |   9578 |    325 |   2224 |   6035 |   8 | 1237.9 |
        Temple |    423 |    393 |     30 |      0 |    385 |   1 |  423.0 |
               +--------+--------+--------+--------+--------+-----+--------+

Top non-repeatable levels by time:
     D:7: 1999 daAuts
     D:6: 1724 daAuts
     D:1: 1554 daAuts
     D:2: 1379 daAuts
     D:4: 1223 daAuts
     D:3: 1144 daAuts
     D:5: 862 daAuts
  Temple: 423 daAuts
     D:8: 14 daAuts
